 Dungeon Crawl Stone Soup version 0.25.0-1-g7eea58d2a3 (webtiles) character file.

Game seed: 474529569977212364

7317 Descartes the Fighter (level 11, -9/72 HPs)
             Began as a Formicid Fighter on June 14, 2020.
             Was an Initiate of Gozag.
             Killed by divine providence
             ... invoked by a smoke demon
              (14 damage)
             ... on level 3 of the Abyss.
             The game lasted 00:35:43 (9319 turns).

Descartes the Fighter (Formicid Fighter)            Turns: 9319, Time: 00:35:45

Health: -9/72      AC: 21    Str: 22 (24) XL:     11   Next: 35%
Magic:  17/17      EV:  9    Int:  8      God:    Gozag
Gold:   454        SH: 17    Dex: 15 (16) Spells: 10/10 levels left

rFire    + + .     SeeInvis +   a - +7 flail of Vuymaviy {venom, rF+}
rCold    . . .     Gourm    .   c - +0 kite shield
rNeg     . . .     Faith    .   E - +8 chain mail of Honour {*Contam Dex+6}
rPois    .         Spirit   .   (helmet unavailable)
rElec    .         Reflect  +   (no cloak)
rCorr    .         Harm     .   t - +0 pair of gloves
MR       +....                  B - +0 pair of boots {Fly}
Stlth    ..........             e - amulet of reflection
HPRegen  0.00/turn              v - ring of protection from fire
MPRegen  0.15/turn              (no ring)

@: flying, non-regenerating, diseased, glowing
A: permanent stasis, dig shafts and tunnels, four strong arms, antennae 3,
[deterioration 2], [frail 2], [screaming 2]
a: Dig, Shaft Self, Potion Petition, Call Merchant, Bribe Branch, Renounce
Religion, Stop Flying


You were on level 3 of the Abyss.
You worshipped Gozag.
Gozag was aware of your devotion.
You were not hungry.

You visited 2 branches of the dungeon, and saw 9 of its levels.
You visited the Abyss 1 time.

You collected 524 gold pieces.
You paid 70 gold pieces to Gozag.

Inventory:

Hand Weapons
 a - the +7 flail of Vuymaviy (weapon) {venom, rF+}
   (You found it on level 5 of the Dungeon)

   It poisons the flesh of those it strikes.
   It protects you from fire.
 i - a +1 battleaxe
 Q - a +2 vorpal morningstar
 S - a +0 scimitar of flaming
Missiles
 b - 161 arrows
 g - 156 stones (quivered)
 u - 6 javelins
 y - 16 poisoned darts
 D - 8 atropa-tipped darts
 J - 2 boomerangs
Armour
 c - a +0 kite shield (worn)
 t - a +0 pair of gloves (worn)
 B - a +0 pair of boots of flying (worn)
 E - the +8 chain mail of Honour (worn) {*Contam Dex+6}
   (You found it on level 5 of the Dungeon)

   It affects your dexterity (+6).
   It causes magical contamination when unequipped.
 M - a +3 leather armour of cold resistance
Jewellery
 e - an amulet of reflection (around neck)
 v - a ring of protection from fire (left hand)
 K - an uncursed ring of ice
Wands
 q - a wand of acid (8)
 R - a wand of clouds (6)
Scrolls
 l - 2 scrolls of magic mapping
 m - a scroll of holy word {unknown}
 o - 2 scrolls of enchant weapon
 r - 2 scrolls of fear
 w - 2 scrolls of amnesia {unknown}
 z - 3 scrolls of remove curse
 A - a scroll of random uselessness {unknown}
 C - a scroll of fog {unknown}
 G - 6 scrolls of identify
 H - a scroll of brand weapon {unknown}
 N - a scroll of summoning {unknown}
 O - a scroll of vulnerability {unknown}
 P - a scroll of enchant armour {unknown}
Potions
 d - 2 potions of might
 h - 3 potions of stabbing
 j - a potion of lignification
 k - 3 potions of flight {unknown}
 n - 2 potions of heal wounds
 p - 5 potions of curing
 s - a potion of ambrosia {unknown}
 x - 3 potions of degeneration {unknown}
 F - a potion of magic {unknown}
 I - a potion of berserk rage {unknown}
 L - a potion of mutation {unknown}
Comestibles
 f - 8 rations


   Skills:
 + Level 9.7 Fighting
 - Level 4.3(6.4) Axes
 + Level 7.4(8.0) Maces & Flails
 + Level 6.8 Armour
 - Level 2.0 Dodging
 - Level 9.0 Shields
 + Level 8.4 Evocations


You had 10 spell levels left.
You didn't know any spells.
Your spell library contained the following spells:

 Spells                   Type           Power        Failure   Level  Hunger
 Animate Skeleton         Necr           N/A          97%         1    ##.....
 Magic Dart               Conj           #...         97%         1    ##.....
 Summon Small Mammal      Summ           #...         97%         1    ##.....
 Call Imp                 Summ           #.......     99%         2    ###....
 Searing Ray              Conj           #.....       99%         2    ###....
 Sticks to Snakes         Tmut           #.......     99%         2    ###....
 Call Canine Familiar     Summ           #.......     100%        3    ####...
 Dazzling Flash           Conj/Hex       #.....       100%        3    ####...
 Summon Guardian Golem    Hex/Summ       #.......     100%        3    ####...
 Dispel Undead            Necr           #.......     100%        4    #####..
 Fulminant Prism          Conj/Hex       #.........   100%        4    #####..
 Iskenderun's Mystic Bla  Conj/Tloc      #.......     100%        4    #####..
 Summon Ice Beast         Ice/Summ       #.......     100%        4    #####..
 Summon Lightning Spire   Summ/Air       #.......     100%        4    #####..
 Borgnjor's Vile Clutch   Necr/Erth      #.........   100%        5    ######.
 Silence                  Hex/Air        #.........   100%        5    ######.
 Conjure Ball Lightning   Conj/Air       #.........   100%        6    #######
 Tornado                  Air            #.........   100%        9    #######


Dungeon Overview and Level Annotations

Branches:
Dungeon (8/15)             Temple (1/1) D:5            Lair (0/6) D:8

Altars:
Ashenzari
Cheibriados
Dithmenos
Elyvilon
Fedhas
Gozag
Hepliaklqana
Kikubaaqudgha
Makhleb
Nemelex Xobeh
Okawaru
Qazlal
Ru
Sif Muna
Trog
Uskayaw
Vehumet
Wu Jian
Xom
Yredelemnul
Zin
The Shining One

Annotations:
D:8 Psyche


Innate Abilities, Weirdness & Mutations

You cannot be hasted, slowed, berserked, paralysed or teleported.
You can dig through walls and to a lower floor.
Your four strong arms can wield two-handed weapons with a shield.
You have a pair of large antennae on your head. (SInv)
[Your body often deteriorates upon taking damage.]
[You are very frail. (-20% HP)]
[You sometimes yell uncontrollably at your foes.]


Message History

You miss the angel. You block the angel's attack. x2
The angel hits you with a +3 whip of holy wrath.
* * * LOW HITPOINT WARNING * * *
The angel hits you but does no damage.
You hit the angel but do no damage.
A small abomination comes into view.
You block the angel's attack. The angel hits you but does no damage.
You block the angel's attack. The angel hits you but does no damage.
The smoke demon gestures at you. The ball of steam hits you. You resist.
* * * LOW HITPOINT WARNING * * *
The angel is engulfed in a cloud of scalding steam. x2
The angel hits you with a +3 whip of holy wrath!
* * * LOW HITPOINT WARNING * * *
Your body deteriorates!
You feel weakened. The angel hits you but does no damage.
The smoke demon gestures at you. Something smites you!
You die...
Your body crumbles into a pile of gold.

......###..##
.....# ..#..# .
.#.....#V...##.x.
......#.#.......
####.#..##..##.3..
#.....3..V#.#{###.
#..#..#3ยง##
#..#A##.#
..3#@#.....# #..
###....... .#
..#.#..# #.. ###.
... ...# ....


You could see an angel and 2 smoke demons.

Vanquished Creatures
  Harold (D:7)
  A two-headed ogre (D:8)
  A wretched star (Abyss:2)
  A smoke demon (Abyss:2)
  Maggie (D:7)
  An efreet (Abyss:2)
  2 ancient zymes (Abyss:2)
  A hippogriff (D:7)
  A spriggan (D:8)
  A hungry ghost (D:8)
  Menkaure (D:5)
  Duvessa (D:7)
  A water moccasin (D:5)
  3 orc warriors (D:6)
  A sky beast (D:6)
  An ice beast (D:5)
  2 necrophages
  5 ogres
  5 centaurs
  A big kobold (D:8)
  2 bullfrogs (D:8)
  Dowan (D:7)
  6 scorpions
  3 electric eels (D:8)
  3 crimson imps
  A centaur zombie (D:5)
  3 hounds
  5 orc priests
  2 quasits
  4 bullfrog skeletons
  A gnoll shaman (D:7)
  7 orc wizards
  2 iguanas
  Ijyb (D:4)
  4 worker ants
  A killer bee zombie (D:6)
  A hound skeleton (D:5)
  A worker ant zombie (D:5)
  6 gnolls
  6 adders
  3 shadow imps
  2 oozes
  3 worms
  2 leopard geckos
  42 orcs
  3 ball pythons
  6 bats
  A giant cockroach (D:2)
  10 goblins
  5 hobgoblins (D:2)
  13 jackals
  3 quokkas
  5 kobolds
  A leopard gecko zombie (D:6)
  8 rats
199 creatures vanquished.

Notes
Turn   | Place    | Note
-------+----------+-------------------------------------------
     0 | D:1      | Descartes the Formicid Fighter began the quest for the Orb.
     0 | D:1      | Reached XP level 1. HP: 18/18 MP: 1/1
   202 | D:1      | Reached XP level 2. HP: 23/24 MP: 2/2
   443 | D:1      | Reached XP level 3. HP: 19/29 MP: 3/3
  1624 | D:2      | Reached XP level 4. HP: 32/37 MP: 4/4
  1687 | D:2      | Reached skill level 1 in Dodging
  2151 | D:3      | Reached XP level 5. HP: 22/42 MP: 5/5
  2395 | D:3      | Reached skill level 5 in Shields
  2503 | D:3      | Found a shimmering blue altar of Sif Muna.
  3183 | D:4      | Reached XP level 6. HP: 47/48 MP: 6/6
  3741 | D:4      | Reached XP level 7. HP: 42/55 MP: 7/7
  4200 | D:5      | Entered Level 5 of the Dungeon
  4200 | D:5      | Noticed Ijyb
  4207 | D:4      | Killed Ijyb
  4577 | D:5      | Noticed Menkaure
  4624 | D:5      | Killed Menkaure
  4700 | D:5      | Reached skill level 5 in Fighting
  4700 | D:5      | Reached XP level 8. HP: 46/62 MP: 8/8
  4807 | D:5      | Reached skill level 1 in Evocations
  4869 | D:5      | Reached skill level 5 in Armour
  5054 | D:5      | Found a staircase to the Ecumenical Temple.
  5062 | D:5      | Got a scorched flail
  5071 | Temple   | Entered the Ecumenical Temple
  5072 | Temple   | Identified the +7 flail of Vuymaviy {venom, rF+} (You found
                  | it on level 5 of the Dungeon)
  5379 | D:5      | Found a large runed translucent door.
  5380 | D:5      | Found a large runed translucent door.
  5382 | D:5      | Found a large runed translucent door.
  5382 | D:5      | Found a large runed translucent door.
  5396 | D:5      | Reached skill level 1 in Maces & Flails
  5511 | D:5      | Identified the Guide on Shifting Dark Rituals
  5632 | D:5      | Got a bloodstained chain mail
  5651 | D:5      | Identified the +8 chain mail of Honour {*Contam Dex+6} (You
                  | found it on level 5 of the Dungeon)
  6166 | D:6      | Reached XP level 9. HP: 46/69 MP: 11/11
  6671 | D:6      | Found an iron altar of Okawaru.
  6937 | Temple   | Became a worshipper of Gozag Ym Sagoz the Greedy
  7291 | D:7      | Noticed Harold
  7323 | D:7      | Noticed Maggie
  7333 | D:7      | Killed Maggie
  7333 | D:7      | Reached skill level 5 in Evocations
  7340 | D:6      | Reached XP level 10. HP: 43/79 MP: 12/14
  7683 | D:7      | Killed Harold
  7683 | D:7      | Reached skill level 5 in Maces & Flails
  7815 | D:7      | Noticed Duvessa
  7815 | D:7      | Noticed Dowan
  7883 | D:7      | Killed Duvessa
  7913 | D:7      | Killed Dowan
  8496 | D:8      | Paralysed by fainting for 9 turns
  8607 | D:8      | Noticed a two-headed ogre
  8624 | D:8      | Killed a two-headed ogre
  8665 | D:8      | Reached XP level 11. HP: 84/89 MP: 16/16
  8780 | D:8      | Found a staircase to the Lair.
  9158 | D:8      | Noticed Psyche
  9160 | D:8      | Cast into level 2 of the Abyss (Psyche)
  9237 | Abyss:2  | Noticed a wretched star
  9250 | Abyss:2  | Killed a wretched star
  9263 | Abyss:2  | Noticed a spatial maelstrom
  9268 | Abyss:3  | Found a corrupted altar of Lugonu.
  9294 | Abyss:3  | Noticed an angel
  9301 | Abyss:3  | Found a corrupted altar of Lugonu.
  9319 | Abyss:3  | Killed from afar by a smoke demon

Illustrated notes

Levels and vault maps discovered:
D:1:      nicolae_arrival_washed_ashore, layout_rooms,
          minmay_misc_feat_four_crosses
D:2:      layout_basic
D:3:      layout_basic, serial_park_tiny_1, led_sif_pool
D:4:      layout_loops_ring, first_ration
D:5:      layout_layer_cave, minmay_temple_entry_offerings,
          minmay_hollow_rounded_squares, uniq_ijyb, uniq_menkaure
D:6:      layout_basic, kennysheep_okawaru_gauntlet
D:7:      layout_rooms, minmay_misc_feat_secret_circle, uniq_duvessa,
          uniq_harold, uniq_maggie
D:8:      layout_loops_corners, dpeg_oklobed_lair, serial_shops, shop,
          the_bakery, nicolae_two_hexagons, serial_bayou_ford_a,
          minmay_misc_feat_alley, minmay_increasing_density, uniq_psyche
Temple:   roderic_octagonal_lattice_temple
Abyss:3:  base: D:5, evilmike_abyss_exit_12

Skill      XL: |  1  2  3  4  5  6  7  8  9 10 11 |
---------------+----------------------------------+-----
Shields        | 4 5 6 7 8 9 |  9.0
Dodging        | 1 2 |  2.0
Axes           | 3 4 |  4.3
Fighting       | 4 5 7 9 |  9.7
Armour         | 4 5 6 |  6.8
Evocations     | 2 5 7 8 |  8.4
Maces & Flails | 2 4 6 7 |  7.4

Action                   |  1- 3 |  4- 6 |  7- 9 | 10-12 || total
-------------------------+-------+-------+-------+-------++-------
Melee: War axe           |   107 |   139 |    60 |       ||   306
       Flail             |       |       |   191 |   204 ||   395
       Battleaxe         |       |       |    26 |       ||    26
Throw: Stone             |       |       |    12 |       ||    12
 Abil: Dig               |       |     2 |       |     4 ||     6
       Stop Flying       |       |     1 |       |       ||     1
       Evoke Flight      |       |     1 |       |       ||     1
Evoke: Wand              |       |       |     3 |       ||     3
  Use: Scroll            |       |     9 |     2 |       ||    11
       Potion            |       |       |       |     1 ||     1
 Stab: Paralysed         |       |       |     3 |       ||     3
  Eat: Chunk             |     1 |     5 |    11 |       ||    17
       Ration            |       |     1 |       |     3 ||     4
Armor: Ring mail         |    50 |     7 |       |       ||    57
       Scale mail        |       |    14 |       |       ||    14
       Chain mail        |       |    23 |    78 |    75 ||   176
       Plate armour      |       |       |    25 |       ||    25
Dodge: Dodged            |    57 |    31 |    60 |    41 ||   189
Block: Kite shield       |    77 |   103 |   252 |   137 ||   569
       Reflection        |       |       |    13 |     6 ||    19
